 Dungeon Crawl Stone Soup version 0.29.1-15-g9cfb28693d (webtiles) character file.

Game seed: 2475755100377715088

2025 Garmo the Skirmisher (level 9, 0/58 HPs)
             Began as a Gargoyle Hunter on Apr 7, 2023.
             Slain by an orc warrior
             ... wielding a +0 flail
              (7 damage)
             ... on level 5 of the Dungeon.
             The game lasted 00:23:38 (8559 turns).

Garmo the Skirmisher (Gargoyle Hunter)              Turns: 8559, Time: 00:23:39

Health: 0/58       AC: 14    Str: 18    XL:     9   Next: 23%
Magic:  9/9        EV: 11    Int:  9    God:
Gold:   273        SH:  0    Dex: 15    Spells: 8/8 levels left

rFire   . . .      SeeInvis +   a - +1 shortbow
rCold   . . .      Faith    .   (shield currently unavailable)
rNeg    + . .      Spirit   .   q - +0 chain mail
rPois   ∞          Reflect  .   (no helmet)
rElec   +          Harm     .   (no cloak)
rCorr   .          Rampage  .   (no gloves)
Will    .....                   (no boots)
Stlth   ..........              o - amulet of the acrobat
HPRegen 0.19/turn               n - +4 ring of evasion
MPRegen 0.11/turn               z - ring of see invisible

@: brilliant
A: sickness immunity, AC +6, negative energy resistance 1, electricity
resistance, torment resistance 1, petrification resistance
a: no special abilities


You were on level 5 of the Dungeon.
You visited 2 branches of the dungeon, and saw 7 of its levels.

You collected 273 gold pieces.

Inventory:

Hand Weapons
 a - a +1 shortbow (weapon)
Missiles
 i - 3 boomerangs
 l - 7 poisoned darts
 r - 3 javelins
Armour
 c - a +0 leather armour
 q - a +0 chain mail (worn)
   (You found it on level 5 of the Dungeon)
Jewellery
 n - a +4 ring of evasion (left hand)
   (You found it on level 2 of the Dungeon)
 o - an amulet of the acrobat (around neck)
   (You found it on level 3 of the Dungeon)
 z - a ring of see invisible (right hand)
   (You found it on level 4 of the Dungeon)
Wands
 p - a wand of polymorph (6)
   (You found it on level 3 of the Dungeon)
 t - a wand of flame (10)
   (You took it off Natasha on level 3 of the Dungeon)
Scrolls
 b - a scroll of immolation {!r}
 h - 2 scrolls of vulnerability {!r}
 m - a scroll of identify {@r1}
 s - 2 scrolls of fear {unknown}
 u - a scroll of enchant weapon
Potions
 d - a potion of cancellation {unknown}
 e - a potion of magic {unknown}
 f - a potion of mutation {unknown}
 g - a potion of degeneration {unknown}
 k - a potion of brilliance


   Skills:
 + Level 7.7 Fighting
 * Level 10.5 Ranged Weapons
 - Level 1.5 Dodging
 - Level 1.1 Stealth


You had 8 spell levels left.
You didn't know any spells.
Your spell library contained the following spells:

 Spells                   Type           Power      Damage    Failure   Level
 Sting                    Tmut/Pois      0%         1d3       100%        1
 Poisonous Vapours        Pois/Air       0%         N/A       100%        2
 Stone Arrow              Conj/Erth      0%         3d7       100%        3
 Animate Armour           Summ/Erth      0%         N/A       100%        4
 Olgreb's Toxic Radiance  Pois           0%         N/A       100%        4
 Lehudib's Crystal Spear  Conj/Erth      0%         10d2      100%        8


Dungeon Overview and Level Annotations

Branches:
Dungeon (6/15) Zot: 24843  Temple (1/1) D:4 Zot: 5968

Altars:
Elyvilon
Gozag
Kikubaaqudgha
Nemelex Xobeh
Ru
Trog
Uskayaw
Vehumet
Yredelemnul
Zin

Shops:
D:1 [   D:3 [

Annotations:
D:4 3 runed translucent doors, sneaky's ghost, novice GnFi; vvl's ghost, weakling DsEE


Innate Abilities, Weirdness & Mutations

You are immune to sickness and miasma.
Your stone body is resilient. (AC +6)
You are immune to poison.
You resist negative energy. (rN+)
You are resistant to electric shocks. (rElec)
You are resistant to unholy torment.
You are immune to petrification.


Message History

Done exploring.
You climb downwards.
The orc barely misses you.
The orc warrior hits you with a +0 flail.
The orc hits you but does no damage.
The orc warrior hits you with a +0 flail!
There is a stone staircase leading up here.
You shoot an arrow.
The arrow hits the orc warrior but does no damage.
The orc hits you with a +0 flail.
The orc warrior hits you with a +0 flail.
The orc shouts!
The orc barely misses you.
The orc warrior hits you but does no damage.
You climb upwards.
There is a stone staircase leading down, spattered with blood here.
Things that are here:
a +0 chain mail; a +0 long sword You shoot an arrow.
The arrow hits the orc warrior.
The orc warrior barely misses you. The orc closely misses you.
The orc warrior hits you but does no damage.
The orc completely misses you.
You shoot an arrow.
The arrow closely misses the orc warrior.
The orc warrior closely misses you. The orc closely misses you.
You shoot an arrow. The arrow hits the orc warrior.
The orc warrior hits you with a +0 flail!
The orc misses you.
You shoot an arrow. The arrow hits the orc warrior!
The orc warrior closely misses you. The orc closely misses you.
The orc warrior hits you with a +0 flail!
* * * LOW HITPOINT WARNING * * *
The orc completely misses you.
You are too injured to fight recklessly!
Fire: a) +1 shortbow
Aim: an orc warrior, wielding a +0 flail and wearing a +0 plate armour (heavily wounded, 68% to hit)
You shoot an arrow.
The arrow barely misses the orc warrior.
The orc warrior hits you with a +0 flail!
* * * LOW HITPOINT WARNING * * *
The orc barely misses you.
Fire: a) +1 shortbow
Aim: an orc warrior, wielding a +0 flail and wearing a +0 plate armour (heavily wounded, 68% to hit)
You shoot an arrow.
The arrow hits the orc warrior but does no damage.
The orc warrior misses you. The orc hits you with a +0 flail!
* * * LOW HITPOINT WARNING * * *
It was a potion of brilliance.
You feel clever all of a sudden.
The orc warrior hits you with a +0 flail!
You die...

#.# #.....#######.......# ##'##
#.###.(........##..## #...## #.#
#.###.##.......# .....##
#.###.###.#######.## #
......###.##...##.# #..## ##
.......##.#....##.#######...####.
.......'.......................'.
.......##.#....##o#######...####.
......###......o@[# ##..## ##
.....## ######.#### #..## #
#...## #.# #.## ##'## #.# #.# #<#
###.# #.# #.# #...# #.# ##.##
#.### #.######## #...## #.#
#......... .....# #.# #..##...#.


You could see an orc warrior and an orc.

Vanquished Creatures
  Edmund (D:3)
  3 water moccasins
  An orc warrior (D:5)
  An ice beast (D:5)
  2 black bears
  A centaur (D:5)
  An ogre (D:4)
  A phantom (D:6)
  A kobold brigand (D:5)
  2 bullfrogs
  A scorpion (D:5)
  2 hounds
  A jelly (D:5)
  6 orc priests
  2 iguanas
  3 orc wizards
  Natasha (thrice) (D:3)
  4 gnolls
  12 adders
  An ufetubus (D:6)
  2 worms
  2 dart slugs
  11 orcs
  6 bats
  10 endoplasms
  3 giant cockroaches
  4 goblins
  15 hobgoblins
  7 jackals
  5 quokkas
  6 ball pythons
  2 frilled lizards
  10 kobolds
  3 rats
135 creatures vanquished.

Notes
Turn   | Place    | Note
-------+----------+-------------------------------------------
     0 | D:1      | Garmo the Gargoyle Hunter began the quest for the Orb.
     0 | D:1      | Reached XP level 1. HP: 12/12 MP: 1/1
   169 | D:1      | Found a faded altar of an unknown god.
   177 | D:1      | Reached XP level 2. HP: 18/18 MP: 2/2
   341 | D:1      | Reached XP level 3. HP: 22/22 MP: 3/3
   352 | D:1      | Found Cuenesin's Antique Armour Emporium.
  1022 | D:2      | Reached skill level 5 in Ranged Weapons
  1022 | D:2      | Reached XP level 4. HP: 25/28 MP: 4/4
  1619 | D:3      | Found Lucvutto's Armour Shoppe.
  1622 | D:3      | Reached XP level 5. HP: 32/32 MP: 5/5
  1702 | D:3      | Found a white marble altar of Elyvilon.
  1778 | D:3      | Found a basalt altar of Yredelemnul.
  2279 | D:3      | Noticed Natasha
  2291 | D:3      | Killed Natasha
  2292 | D:3      | Reached skill level 6 in Ranged Weapons
  2601 | D:3      | Found a basalt altar of Yredelemnul.
  2791 | D:3      | Found Lucvutto's Armour Shoppe.
  3119 | D:3      | Found a white marble altar of Elyvilon.
  3120 | D:3      | Noticed Natasha
  3133 | D:3      | Killed Natasha
  3134 | D:3      | Reached XP level 6. HP: 34/38 MP: 6/6
  3378 | D:4      | Noticed a black bear
  3378 | D:4      | Noticed a black bear
  3384 | D:3      | Killed a black bear
  3512 | D:4      | Noticed Edmund
  3515 | D:4      | Reached skill level 7 in Ranged Weapons
  3515 | D:4      | Reached XP level 7. HP: 44/44 MP: 7/7
  3578 | D:4      | Reached skill level 5 in Fighting
  3816 | D:3      | Noticed Natasha
  3822 | D:3      | Killed Natasha
  3973 | D:3      | Killed Edmund
  4412 | D:3      | Reached skill level 8 in Ranged Weapons
  4638 | D:4      | Found a glowing silver altar of Zin.
  4695 | D:4      | Found a staircase to the Ecumenical Temple.
  4700 | Temple   | Entered the Ecumenical Temple
  4737 | D:4      | Reached XP level 8. HP: 51/51 MP: 8/8
  5196 | D:4      | Found a runed translucent gate.
  5196 | D:4      | Found a runed translucent gate.
  5196 | D:4      | Found a runed translucent gate.
  5200 | D:4      | Noticed vvl's ghost (weakling DsEE)
  5200 | D:4      | Noticed sneaky's ghost (novice GnFi)
  5357 | D:5      | Entered Level 5 of the Dungeon
  5789 | D:5      | Found a radiant altar of Vehumet.
  5815 | D:5      | Reached skill level 9 in Ranged Weapons
  6647 | D:6      | Reached skill level 10 in Ranged Weapons
  6647 | D:6      | Reached XP level 9. HP: 52/57 MP: 9/9
  8559 | D:5      | Slain by an orc warrior

Illustrated notes

Levels and vault maps discovered:
D:1:      dpeg_arrival_short_road, layout_basic, serial_shops, shop,
          basic_ecumenical_altar
D:2:      layout_rooms, minmay_quantized
D:3:      layout_loops_ring, kennysheep_ying_yang, serial_shops, shop,
          uniq_natasha
D:4:      layout_rooms, zin_academy, minmay_temple_entry_proselytizer,
          gammafunk_ghost_cemetery, amethyst_killhole, uniq_edmund
D:5:      layout_loops_corners, amcnicky_altar_gilded
D:6:      layout_cave_pools
Temple:   hellmonk_temple_rainy

Skill      XL: |  1  2  3  4  5  6  7  8 |
---------------+-------------------------+-----
Fighting       | 3 4 5 7 |  7.7
Ranged Weapons | 5 6 7 8 10 | 10.5
Dodging        | |  1.5
Stealth        | |  1.1

Action                   |  1- 3 |  4- 6 |  7- 9 || total
-------------------------+-------+-------+-------++-------
 Fire: Shortbow          |    95 |   183 |   316 ||   594
  Use: Scroll            |       |     5 |     1 ||     6
       Potion            |       |       |     4 ||     4
Armor: Leather armour    |    20 |    55 |    33 ||   108
       Chain mail        |       |       |    75 ||    75
Dodge: Dodged            |    27 |   131 |   225 ||   383
